 Dungeon Crawl Stone Soup version 0.29.1-1-gd02db6906a (webtiles) character file.

Game seed: 3665590683029714368

37 112233 the Firebug (level 3, -5/21 HPs)
             Began as an Octopode Fire Elementalist on Oct 11, 2022.
             Slain by Sigmund
             ... wielding a +3 scythe of flaming
              (10 damage)
             ... on level 2 of the Dungeon.
             The game lasted 00:01:06 (1299 turns).

112233 the Firebug (Octopode Fire Elementalist)     Turns: 1299, Time: 00:01:07

Health: -5/21      AC:  1    Str:  7    XL:     3   Next: 41%
Magic:  4/7        EV: 13    Int: 19    God:
Gold:   100        SH:  0    Dex: 12    Spells: 6/7 levels left

rFire   . . .      SeeInvis .   d - +0 scimitar
rCold   . . .      Faith    .   (no shield)
rNeg    . . .      Spirit   .   (helmet restricted)
rPois   .          Reflect  .   (no amulet)
rElec   .          Harm     .   (no ring)
rCorr   .          Rampage  .   (no ring)
Will    .....                   (no ring)
Stlth   +++.......              (no ring)
HPRegen 0.07/turn               (no ring)
MPRegen 0.10/turn               (no ring)
                                (no ring)
                                (no ring)

@: about to teleport
A: almost no armour, amphibious, 8 rings, camouflage 1, gelatinous body 1,
(nimble swimmer 1), tentacles
a: no special abilities


You were on level 2 of the Dungeon.
You visited 1 branch of the dungeon, and saw 2 of its levels.

You collected 100 gold pieces.

Inventory:

Hand Weapons
 d - a +0 scimitar (weapon)
Magical Staves
 j - a staff of air
Scrolls
 b - 2 scrolls of amnesia
 c - 5 scrolls of identify
 i - a scroll of noise {unknown}
Potions
 a - 3 potions of magic
 e - 2 potions of heal wounds {unknown}
 f - a potion of degeneration {unknown}
 h - a potion of brilliance {unknown}


   Skills:
 - Level 2.0 Dodging
 - Level 2.8 Stealth
 + Level 2.7 Spellcasting
 - Level 1.0 Conjurations
 + Level 3.6 Fire Magic


You had 6 spell levels left.
You knew the following spells:

 Your Spells              Type           Power      Damage    Failure   Level
a - Foxfire               Conj/Fire      44%        2x1d6     6%          1

Your spell library contained the following spells:

 Spells                   Type           Power      Damage    Failure   Level
 Scorch                   Fire           32%        2d6       5%          2
 Summon Small Mammal      Summ           8%         N/A       16%         1
 Conjure Flame            Conj/Fire      11%        6-21      19%         3
 Inner Flame              Hex/Fire       9%         N/A       22%         3
 Call Canine Familiar     Summ           2%         N/A       43%         3
 Summon Guardian Golem    Hex/Summ       2%         N/A       43%         3
 Flame Wave               Conj/Fire      11%        2d6       52%         4


Dungeon Overview and Level Annotations

Branches:
Dungeon (2/15)

Altars:

Annotations:
D:1 1 transporter
D:2 Sigmund


Innate Abilities, Weirdness & Mutations

You cannot wear most types of armour.
You are amphibious.
You can wear up to eight rings at the same time.
Your skin changes colour to match your surroundings (Stealth+).
Your rubbery body absorbs attacks. (AC +1, EV +1)
((You are camouflaged when in or above water. (Stealth+)))
You have tentacles for arms and can constrict up to eight enemies at once.


Message History

The foxfire hits the adder.
The adder is moderately wounded.
The adder hisses angrily.
The foxfire hits the adder.
The adder is severely wounded.
The adder bites you.
Casting: Foxfire (safe; 6% risk of failure)
Confirm with . or Enter, or press ? or * to list all spells.
You conjure some foxfire!
The adder bites you but does no damage.
The foxfire hits the adder.
The adder is severely wounded.
The adder bites you.
You are poisoned.
The adder poisons you!
Sigmund the Dreaded comes into view.
He is wielding a +3 scythe of flaming.
Your foxfire dissipates!
You feel sick. The adder attacks as you move away! The adder bites you.
You feel sick. The adder bites you.
You are more poisoned.
The adder poisons you! The adder attacks as you move away!
The adder bites you but does no damage.
You feel sick.
You feel sick.
Casting: Foxfire (safe; 6% risk of failure)
Confirm with . or Enter, or press ? or * to list all spells.
You conjure some foxfire!
You feel sick. The adder closely misses you. The adder misses you.
You feel sick.
The foxfire hits the adder.
You kill the adder!
Sigmund barely misses you.
As you read the scroll labelled FANNYM ROOGISO, it crumbles to dust.
It is a scroll of identify.
b - 2 scrolls of amnesia You feel sick.
As you read the scroll labelled EFAATSAETO, it crumbles to dust.
You feel strangely unstable.
It was a scroll of teleportation.
You feel sick.
You are no longer poisoned.
Sigmund hits you from afar with a +3 scythe of flaming!
You die...

#.........#..#
..#
####...####...#
.## ##.## ##.##
#######.# .#
........# .#
#######.# .#
.†......#
#######.######
#@†@...#
######.# ...
####


You could see Sigmund.

Vanquished Creatures
  An adder (D:2)
  2 dart slugs (D:1)
  3 ball pythons (D:2)
  A bat (D:1)
  An endoplasm (D:2)
  4 giant cockroaches
  2 hobgoblins (D:2)
  2 quokkas (D:1)
  2 frilled lizards (D:2)
  2 kobolds (D:1)
  2 rats (D:1)
22 creatures vanquished.

Vanquished Creatures (others)
  74 foxfires
74 creatures vanquished.

Grand Total: 96 creatures vanquished

Notes
Turn   | Place    | Note
-------+----------+-------------------------------------------
     0 | D:1      | 112233 the Octopode Fire Elementalist began the quest for
                  | the Orb.
     0 | D:1      | Reached XP level 1. HP: 11/11 MP: 3/3
   356 | D:1      | Reached XP level 2. HP: 17/17 MP: 3/5
   676 | D:1      | Found a faded altar of an unknown god.
  1183 | D:2      | Reached XP level 3. HP: 21/21 MP: 3/6
  1291 | D:2      | Noticed Sigmund
  1299 | D:2      | Slain by Sigmund

Illustrated notes

Levels and vault maps discovered:
D:1:      spicycebolla_arrival_risky_transporter, layout_rooms,
          basic_ecumenical_altar
D:2:      layout_loops_ring, minmay_misc_feat_diagonals, supply_closet_lemuel,
          minmay_pentomino_p2, uniq_sigmund

Action                   || total
-------------------------++-------
Melee: Unarmed           ||     2
       Constrict         ||     2
       Tentacles         ||     2
 Cast: Foxfire           ||    46
  Use: Scroll            ||     2
Armor: Skin              ||     3
Dodge: Dodged            ||     9
